Map: Romanticide LE

Players

PattyMac - Winner!

  • Race: Protoss Protoss

Semper

  • Race: Terran Terran

Event: DreamHack SC2 Masters 2021 Winter

VOD

Have the link to the VOD?

Description

Time

  • Played on: Oct. 9, 2021, 7 p.m.
  • Length: 19:13

All games in this series

Show
View Real Time Build Order
Export as new Build Order

PattyMac Protoss - Winner!

Build Orders: Oracle Opening, Blink Stalkers 

Get SALT Encoding   

  12  0:00  Probe  
  13  0:12  Probe  
  14  0:16  Pylon  
  14  0:24  Probe (Chrono Boost)  
  15  0:36  Gateway, Probe (Chrono Boost)  
  16  0:44  Probe (Chrono Boost)  
  16  0:45  Assimilator  
  17  0:51  Probe  
  17  0:54  Assimilator  
  18  1:03  Probe  
  19  1:09  Pylon  
  19  1:15  Probe  
  22  1:26  Cybernetics Core  
  22  1:28  Probe  
  23  1:40  Probe  
  24  1:52  Probe  
  23  2:01  Adept (Chrono Boost)  
  23  2:02  Stargate  
  23  2:05  Probe  
  26  2:13  Pylon  
  26  2:17  Warp Gate  
  26  2:19  Probe  
  27  2:23  Adept  
  29  2:43  Nexus  
  29  2:44  Oracle (Chrono Boost)  
  32  2:51  Probe  
  33  3:03  Probe (Chrono Boost)  
  34  3:07  Twilight Council  
  34  3:15  Probe (Chrono Boost)  
  35  3:21  Probe (Chrono Boost)  
  35  3:24  Gateway  
  35  3:27  Gateway  
  36  3:32  Probe  
  34  3:39  Oracle  
  37  3:45  Probe  
  38  3:50  Blink (Chrono Boost)  
  38  3:57  Probe (Chrono Boost)  
  38  4:01  Probe (Chrono Boost)  
  40  4:08  Probe (Chrono Boost)  
  42  4:12  Probe (Chrono Boost), Sentry  
  42  4:13  Probe (Chrono Boost)  
  42  4:16  Assimilator  
  45  4:21  Probe  
  45  4:22  Shield Battery  
  45  4:23  Probe  
  47  4:30  Stalker  
  49  4:33  Stalker, Probe  
  49  4:35  Probe  
  49  4:36  Pylon  
  53  4:45  Probe  
  54  4:51  Pylon x2  
  54  4:54  Probe  
  54  4:58  Stalker  
  54  4:59  Stalker  
  59  5:00  Probe  
  59  5:05  Stalker  
  62  5:11  Probe  
  63  5:17  Probe  
  64  5:22  Pylon  
  64  5:23  Probe  
  65  5:29  Probe  
  65  5:32  Stalker x2  
  70  5:40  Assimilator, Probe  
  70  5:41  Probe  
  72  5:43  Robotics Facility  
  72  5:49  Nexus  
  72  5:52  Probe  
  72  5:56  Charge  
  73  5:58  Gateway  
  73  6:00  Gateway  
  73  6:04  Probe x2  
  74  6:06  Pylon  
  75  6:16  Probe  
  75  6:18  Probe  
  77  6:28  Gateway  
  77  6:30  Gateway  
  77  6:33  Gateway  
  77  6:34  Pylon  
  77  6:36  Immortal (Chrono Boost)  
  77  6:38  Probe  
  82  6:48  Probe  
  82  6:52  Zealot x2  
  82  6:53  Zealot  
  89  6:56  Forge  
  89  6:58  Pylon  
  89  7:00  Pylon  
  85  7:06  Immortal (Chrono Boost)  
  89  7:12  Probe, Templar Archives  
  90  7:16  Shield Battery  
  90  7:22  Sentry  
  90  7:23  Sentry  
  90  7:27  Zealot x2  
  90  7:28  Zealot  
  100  7:33  Pylon  
  100  7:37  Stalker x2  
  104  7:45  Stalker  
  101  7:54  Stalker x4  
  98  7:59  Probe  
  98  8:02  Probe x2  
  98  8:04  Assimilator  
  93  8:06  Assimilator  
  93  8:10  Zealot x3  
  93  8:11  Probe  
  100  8:17  Zealot  
  100  8:18  Protoss Ground Weapons Level 1 (Chrono Boost)  
  99  8:20  Psionic Storm  
  95  8:30  Zealot, High Templar x2  
  88  8:41  Stalker x3  
  92  8:48  High Templar  
  92  8:51  Probe  
  92  8:55  Probe x2  
  97  9:06  Probe  
  97  9:08  Robotics Facility, Probe  
  99  9:10  Zealot x4  
  107  9:23  Probe (Chrono Boost)  
  110  9:24  Probe (Chrono Boost)  
  110  9:25  Probe (Chrono Boost)  
  110  9:26  High Templar x2  
  110  9:27  Pylon  
  114  9:35  Probe (Chrono Boost)  
  115  9:40  Probe x2 (Chrono Boost)  
  109  9:47  Probe  
  92  9:53  Stalker x2  
  92  9:54  Stalker x2, Probe  
  92  9:57  Probe (Chrono Boost)  
  99  10:04  Probe (Chrono Boost)  
  101  10:07  Probe (Chrono Boost)  
  101  10:08  Robotics Bay  
  101  10:09  Probe (Chrono Boost)  
  101  10:12  Robotics Facility  
  103  10:16  Probe (Chrono Boost)  
  103  10:17  Probe (Chrono Boost)  
  103  10:18  Probe (Chrono Boost)  
  103  10:20  Warp Prism, Probe (Chrono Boost)  
  107  10:26  High Templar x3  
  107  10:27  High Templar  
  116  10:32  Archon  
  116  10:33  Zealot x3, Archon  
  122  10:35  Protoss Ground Armor Level 1  
  122  10:40  Pylon  
  122  10:50  Nexus  
  122  10:59  Disruptor  
  122  11:00  Disruptor  
  128  11:09  Zealot x5  
  136  11:18  Probe  
  137  11:19  Probe  
  137  11:21  High Templar  
  137  11:24  Zealot  
  137  11:25  Photon Cannon, Shield Battery  
  140  11:31  Zealot x2  
  120  11:50  Observer x2 (Chrono Boost)  
  121  11:55  Probe  
  121  12:01  Probe x2  
  112  12:02  Probe, Disruptor (Chrono Boost)  
  112  12:07  Probe  
  117  12:13  Probe x2  
  117  12:14  Disruptor (Chrono Boost)  
  122  12:17  Probe  
  122  12:19  Probe  
  122  12:20  Dark Shrine  
  124  12:25  Probe x2  
  126  12:30  Stalker  
  126  12:33  Disruptor (Chrono Boost)  
  126  12:35  Probe (Chrono Boost)  
  133  12:39  Probe (Chrono Boost)  
  133  12:41  Probe (Chrono Boost)  
  133  12:42  Probe (Chrono Boost)  
  133  12:44  Disruptor (Chrono Boost)  
  135  12:47  Zealot x3, Probe (Chrono Boost)  
  135  12:49  Zealot x2  
  152  12:51  Probe (Chrono Boost)  
  152  12:52  Probe x2 (Chrono Boost)  
  152  12:53  Probe (Chrono Boost)  
  152  12:56  Assimilator  
  152  12:57  Shield Battery  
  153  12:59  Disruptor (Chrono Boost)  
  153  13:00  Assimilator, Probe  
  153  13:03  Pylon  
  153  13:04  Stalker x2  
  153  13:05  Stalker  
  143  13:27  Disruptor  
  143  13:28  Stalker x6, Protoss Ground Weapons Level 2 (Chrono Boost)  
  158  13:37  Forge  
  158  13:39  Dark Templar  
  156  13:58  Stalker  
  156  13:59  Stalker x6  
  166  14:13  Colossus  
  166  14:15  Probe  
  166  14:16  Probe  
  172  14:28  Protoss Ground Armor Level 2 (Chrono Boost)  
  172  14:29  Nexus  
  172  14:30  Pylon  
  170  14:32  Pylon  
  170  14:34  Dark Templar  
  162  14:55  Zealot x5  
  172  15:06  Dark Templar  
  168  15:11  Colossus  
  168  15:12  Disruptor  
  174  15:18  Dark Templar x5  
  180  15:30  Shadow Stride  
  178  15:37  Dark Templar x2  
  180  15:43  Archon  
  162  15:52  Disruptor (Chrono Boost)  
  157  16:03  Disruptor (Chrono Boost)  
  149  16:06  Protoss Ground Weapons Level 3 (Chrono Boost)  
  149  16:07  Zealot x5  
  149  16:08  Zealot  
  149  16:10  Probe  
  149  16:11  Stalker, Dark Templar  
  154  16:18  Disruptor (Chrono Boost)  
  154  16:24  Assimilator  
  157  16:26  Assimilator  
  157  16:29  Gateway  
  157  16:30  Stalker x3  
  157  16:31  Gateway  
  164  16:35  Dark Templar  
  164  16:36  Disruptor (Chrono Boost)  
  166  16:49  Dark Templar x2  
  166  16:52  Zealot x2  
  174  16:57  Probe  
  147  17:22  Dark Templar  
  147  17:23  Dark Templar x4  
  147  17:26  Dark Templar  
  159  17:30  Zealot x4  
  167  17:42  Disruptor  
  170  17:53  Stalker x3  
  170  17:55  Zealot x6  
  168  18:16  Disruptor  
  167  18:23  Stalker x2  
  167  18:24  Stalker x7  
Show
View Real Time Build Order
Export as new Build Order

Semper Terran 

Build Orders:  

Get SALT Encoding   

  12  0:00  SCV  
  13  0:12  SCV  
  14  0:17  Supply Depot  
  14  0:24  SCV  
  15  0:39  SCV  
  15  0:41  Barracks  
  16  0:45  Refinery  
  16  0:51  SCV  
  17  1:03  SCV  
  18  1:15  SCV  
  19  1:28  Marine, Orbital Command  
  20  1:39  Command Center  
  20  1:47  Barracks Reactor  
  20  1:55  SCV  
  21  2:01  Supply Depot  
  21  2:07  SCV  
  22  2:10  Factory  
  22  2:19  SCV  
  22  2:21  Refinery  
  23  2:25  Marine x2  
  25  2:30  Bunker  
  25  2:37  SCV  
  25  2:44  Marine x2  
  27  2:52  Orbital Command  
  27  2:55  Widow Mine  
  27  2:57  SCV  
  30  3:03  Marine x2  
  32  3:09  SCV  
  33  3:16  Starport  
  33  3:17  Factory Tech Lab  
  33  3:22  SCV  
  34  3:28  Marine x2  
  36  3:37  Orbital Command  
  36  3:39  SCV, Siege Tank  
  40  3:47  Supply Depot  
  40  3:49  Marine x2  
  40  3:51  SCV  
  43  3:59  Medivac  
  45  4:03  SCV  
  45  4:08  SCV, Marine x2  
  49  4:15  SCV  
  53  4:17  Siege Tank  
  53  4:20  SCV  
  53  4:23  Barracks  
  54  4:27  SCV  
  54  4:39  Starport Tech Lab  
  54  4:41  Barracks  
  54  4:42  Supply Depot  
  54  4:43  SCV x2, Marine x2  
  58  4:55  SCV  
  58  4:59  SCV  
  60  5:01  Marine x2  
  60  5:06  Bunker  
  62  5:08  Supply Depot  
  62  5:17  Barracks Tech Lab  
  62  5:19  SCV x2, Marine x2  
  66  5:24  Starport Reactor  
  66  5:31  SCV x2  
  64  5:39  Stimpack  
  62  5:43  SCV x2  
  62  5:46  Refinery  
  62  5:48  Marine x3  
  67  5:53  Combat Shield  
  67  5:54  Engineering Bay  
  67  5:55  SCV x2, Siege Tank  
  67  5:56  Marine  
  73  6:03  Medivac  
  75  6:04  Supply Depot  
  75  6:08  SCV x2  
  77  6:13  Marine  
  78  6:18  Supply Depot  
  78  6:22  Terran Infantry Weapons Level 1  
  78  6:25  Marine  
  78  6:26  SCV, Marine x2  
  78  6:28  Missile Turret  
  78  6:31  SCV  
  83  6:34  Supply Depot  
  83  6:36  Marine  
  83  6:37  Factory Reactor  
  84  6:43  Marine  
  84  6:44  Marauder  
  84  6:45  SCV  
  87  6:51  Marauder  
  85  6:54  Marine  
  85  6:57  SCV  
  86  7:01  Missile Turret, Command Center  
  86  7:04  Supply Depot, Marine  
  86  7:05  Marine  
  88  7:09  SCV  
  88  7:12  Medivac x2  
  88  7:14  Marine  
  93  7:22  Marauder, Marine  
  96  7:25  SCV  
  96  7:27  Refinery  
  97  7:34  SCV  
  98  7:42  Marine x2  
  98  7:43  Marauder  
  102  7:44  Marine  
  102  7:47  Widow Mine x2  
  106  7:56  SCV x2  
  93  8:00  Marine x2  
  93  8:03  Marauder, Marine  
  95  8:08  Widow Mine x2, SCV  
  97  8:14  Orbital Command  
  97  8:16  Supply Depot  
  97  8:18  Marine x2  
  97  8:19  Concussive Shells  
  94  8:21  Marine  
  94  8:24  Barracks  
  92  8:31  Barracks  
  92  8:32  SCV  
  92  8:33  Marine  
  87  8:39  SCV  
  86  8:42  Marine  
  86  8:46  SCV, Marine  
  86  8:47  Marauder  
  91  8:48  Orbital Command  
  91  8:49  Medivac x2  
  91  8:51  Marine  
  91  8:52  Terran Infantry Armor Level 1  
  96  9:00  Widow Mine x2  
  100  9:03  SCV  
  101  9:10  Missile Turret  
  101  9:14  SCV x2  
  101  9:15  SCV  
  104  9:21  Widow Mine x2, Barracks Reactor  
  108  9:25  Medivac x2  
  108  9:29  SCV  
  113  9:35  Ghost Academy  
  113  9:36  SCV x2  
  104  9:47  Marine  
  96  9:53  Marine  
  96  9:54  Marine x3  
  96  9:55  Medivac, SCV  
  101  10:01  Marine x2  
  101  10:03  Widow Mine x2  
  101  10:05  Marine  
  98  10:10  Supply Depot  
  98  10:11  Marine  
  98  10:12  Marauder, SCV x2, Marine x2  
  98  10:13  SCV  
  106  10:15  Armory  
  106  10:16  Engineering Bay  
  106  10:20  Marine x2  
  108  10:24  Widow Mine  
  108  10:25  Widow Mine, Refinery  
  108  10:26  Refinery  
  108  10:28  Missile Turret  
  112  10:29  Ghost x2  
  112  10:30  Supply Depot  
  112  10:32  Viking  
  118  10:39  SCV  
  118  10:40  SCV  
  120  10:43  Marine x2, Ghost  
  123  10:50  Missile Turret  
  123  10:51  Enhanced Shockwaves  
  123  10:52  Missile Turret  
  123  10:58  Command Center  
  123  11:03  Ghost  
  125  11:09  Viking x2  
  128  11:17  SCV  
  128  11:18  SCV  
  130  11:24  Marine  
  131  11:28  Ghost, Marine  
  131  11:29  Marine x3  
  131  11:31  Marine  
  137  11:36  Terran Infantry Weapons Level 2, Terran Infantry Armor Level 2  
  130  11:42  Marine  
  130  11:46  Marine  
  113  11:47  Marine, Ghost  
  113  11:48  SCV  
  113  11:49  SCV  
  116  11:54  Marine, Ghost  
  116  11:58  Marine  
  116  11:59  Marine  
  111  12:04  Marine  
  111  12:05  Marine  
  111  12:06  Medivac x2  
  117  12:09  Widow Mine  
  117  12:12  SCV x2, Marine  
  120  12:15  Ghost  
  120  12:16  Ghost  
  120  12:17  Marine  
  120  12:21  Terran Ship Weapons Level 1  
  120  12:22  SCV, Marine  
  127  12:24  SCV  
  127  12:27  Bunker  
  128  12:33  Marine  
  128  12:34  Missile Turret  
  128  12:35  Missile Turret  
  128  12:36  Marine  
  130  12:43  Widow Mine x2  
  132  12:49  Ghost  
  132  12:50  Marine x3  
  132  12:51  Marauder  
  139  12:53  Marine  
  140  13:01  Marine  
  141  13:08  Marine x2  
  141  13:09  Marauder  
  141  13:11  Marine  
  141  13:12  Marine  
  147  13:17  SCV  
  147  13:19  Marauder, SCV x2  
  149  13:23  Planetary Fortress  
  137  13:29  Ghost, Marine  
  137  13:30  Marine  
  137  13:33  Bunker  
  141  13:35  Supply Depot  
  141  13:37  Marine x3  
  141  13:38  Supply Depot  
  141  13:39  Marine  
  145  13:46  Marine  
  141  13:48  Marine  
  141  13:55  Marine x2  
  140  13:56  Marauder  
  140  13:57  Marine  
  140  13:58  SCV, Marine  
  140  14:01  SCV x2  
  147  14:04  Marine  
  147  14:06  Marine  
  149  14:14  Marine  
  149  14:15  Medivac x2  
  149  14:16  Marauder x2, Widow Mine x2  
  162  14:17  Marauder  
  162  14:18  Supply Depot  
  162  14:19  Missile Turret  
  162  14:20  Supply Depot, SCV x3  
  167  14:31  SCV  
  168  14:32  SCV  
  168  14:33  Marine  
  168  14:35  Supply Depot  
  168  14:36  Supply Depot  
  168  14:37  Marauder  
  172  14:40  Barracks  
  172  14:42  Barracks  
  141  14:52  Marine, Ghost  
  141  14:53  Marine  
  141  14:54  Marine  
  142  15:03  Marine  
  142  15:04  Marine x2  
  142  15:06  SCV  
  133  15:10  Widow Mine x2, Marine  
  133  15:11  Marine  
  133  15:12  SCV, Marine  
  133  15:20  Terran Infantry Weapons Level 3, Terran Infantry Armor Level 3  
  133  15:21  Marine x3  
  133  15:22  Marauder, SCV x2  
  133  15:28  Marine x2  
  140  15:30  Marine  
  140  15:33  Sensor Tower  
  143  15:39  Ghost x2  
  132  15:51  SCV  
  132  15:54  Marine  
  132  15:55  Marine x3  
  115  16:04  Marauder  
  115  16:08  Marauder x2  
  115  16:11  Widow Mine x2  
  122  16:15  Barracks Tech Lab x2, Marine  
  123  16:21  Liberator  
  123  16:25  Liberator, Marine  
  130  16:26  Marauder  
  130  16:28  Marine  
  130  16:30  Marauder x2  
  137  16:37  Marine  
  137  16:38  Command Center  
  138  16:43  Marine, Ghost  
  138  16:44  Marine  
  138  16:46  Marine, Ghost  
  138  16:47  Marine  
  144  16:55  Sensor Tower  
  144  16:59  Ghost  
  144  17:00  Marauder, Marine  
  149  17:01  Marine  
  149  17:02  Marine  
  149  17:05  Marauder  
  149  17:06  Marine  
  154  17:12  Marauder  
  154  17:15  Marine  
  145  17:17  Marine  
  145  17:19  SCV, Marine  
  145  17:20  SCV  
  145  17:21  Marine  
  145  17:22  Marauder  
  146  17:23  Marine  
  146  17:27  Missile Turret, Marine  
  146  17:28  Marine  
  146  17:29  SCV  
  151  17:30  SCV  
  151  17:32  Refinery  
  150  17:56  Marine x2, Ghost  
  150  17:57  Marauder  
  117  18:15  Marine x7  
  117  18:18  Widow Mine x2, Marine  
  123  18:25  Marauder  
  104  18:33  Marine  

Tags
 
Add a new tag
Caveats
  • Supply blocks, unpowered buildings, or Contaminate may cause inaccurate times.
  • Supply counts are checked every 10 seconds.